 Dungeon Crawl Stone Soup version 0.25-a0-566-g062765be81 (webtiles) character file.

Game seed: 15853849121978656486, levelgen mode: classic

55704 EnegeticOcto the Champion of Chaos (level 14, -11/138 HPs)
             Began as a Deep Dwarf Fighter on Feb 27, 2020.
             Was the Champion of Makhleb.
             Mangled by an orc knight
             ... wielding a +3 war axe
              (23 damage)
             ... on level 15 of the Dungeon.
             The game lasted 00:11:13 (11782 turns).

EnegeticOcto the Champion of Chaos (DDFi)          Turns: 11782, Time: 00:11:14

Health: -11/138    AC: 19    Str: 26    XL:     14   Next: 39%
Magic:  5/5        EV: 11    Int:  8    God:    Makhleb [******]
Gold:   2618       SH:  0    Dex: 12    Spells: 13/13 levels left

rFire    + . .     SeeInvis +   J - +5 battleaxe
rCold    + . .     Gourm    .   (shield currently unavailable)
rNeg     + . .     Faith    .   p - +0 plate armour
rPois    .         Spirit   .   (helmet restricted)
rElec    .         Reflect  .   g - scarf {rC+ rF+}
rCorr    .         Harm     +   v - +1 pair of gloves
MR       ++...                  (no boots)
Stlth    ..........             D - amulet of harm
HPRegen  0.00/turn              h - +2 ring of protection
MPRegen  0.09/turn              (no ring)

@: non-regenerating
A: damage resistance, heal wounds, horns 1, see invisible, negative energy
resistance 1, sense surroundings 2, no regeneration
a: Heal Wounds, Minor Destruction, Lesser Servant of Makhleb, Major Destruction,
Greater Servant of Makhleb, Renounce Religion


You were on level 15 of the Dungeon.
You worshipped Makhleb.
Makhleb was exalted by your worship.
You were not hungry.

You visited 3 branches of the dungeon, and saw 18 of its levels.
You also visited: Ossuary.

You collected 3451 gold pieces.
You spent 833 gold pieces at shops.

Inventory:

Hand Weapons
 a - a +0 war axe
 J - a +5 battleaxe (weapon)
Missiles
 G - 3 throwing nets (quivered)
Armour
 c - a +0 kite shield
 g - a scarf of resistance (worn)
 p - a +0 plate armour (worn)
 v - a +1 pair of gloves (worn)
Jewellery
 h - a +2 ring of protection (left hand)
 D - an amulet of harm (around neck)
Wands
 i - a wand of clouds (1)
 r - a wand of polymorph (12)
 y - a wand of digging (5) {@v2}
 z - a wand of paralysis (8)
 M - a wand of iceblast (10)
 N - a wand of flame (45)
Scrolls
 l - a scroll of summoning
 o - a scroll of enchant armour
 s - 4 scrolls of blinking {@r3}
 x - 5 scrolls of fear
 B - 5 scrolls of magic mapping {@r5}
 C - 3 scrolls of remove curse {@r6}
 E - 4 scrolls of teleportation {@r2}
 F - a scroll of immolation {@r4}
 H - a scroll of identify {@r1}
Potions
 b - a potion of brilliance
 d - 3 potions of mutation
 f - 2 potions of invisibility
 j - 2 potions of stabbing {@q5}
 k - 3 potions of might {@q3}
 m - 4 potions of resistance {@q6}
 n - 6 potions of haste {@q4}
 q - 5 potions of lignification {@q7}
 u - 7 potions of curing {@q1}
 w - 2 potions of flight
 A - a potion of berserk rage {unknown}
 I - 4 potions of heal wounds {@q2}
 K - a potion of ambrosia {unknown}
 L - a potion of cancellation
Miscellaneous
 O - a lamp of fire
Comestibles
 e - 17 rations
 t - 14 chunks of flesh


   Skills:
 * Level 12.1 Fighting
 * Level 13.9 Axes
 + Level 10.5 Armour
 + Level 7.9 Dodging
 - Level 8.2 Shields
 * Level 14.8 Invocations


You had 13 spell levels left.
You didn't know any spells.
Your spell library was empty.

Dungeon Overview and Level Annotations

Branches:
Dungeon (15/15)            Temple (1/1) D:6            Lair (0/6) D:10
    Orc (2/2) D:11            Elf (0/3) Orc:2        Vaults (0/5) D:14
Ossuary (visited)
 Depths: D:15

Altars:
Ashenzari
Cheibriados
Dithmenos
Elyvilon
Fedhas
Gozag
Hepliaklqana
Kikubaaqudgha
Makhleb
Nemelex Xobeh
Okawaru
Qazlal
Ru
Sif Muna
Trog
Uskayaw
Vehumet
Wu Jian
Xom
Yredelemnul
Zin
The Shining One
Beogh

Shops:
D:7 *   Orc:2 (*!%

Annotations:
D:4 1 runed translucent door, Crazy Yiuf
D:13 1 exclusion
D:14 5 exclusions


Innate Abilities, Weirdness & Mutations

You are resistant to damage.
You can heal yourself by infusing magical energy.
You resist negative energy. (rN+)
You passively map the area around you.
You do not regenerate.
You have a pair of small horns on your head.
You have supernaturally acute eyesight. (SInv)


Message History

Makhleb accepts your kill.
You feel better.
No target in view!
No target in view!
No target in view!
No target in view!
No target in view!
No target in view!
No target in view!
No target in view!
You now have 2618 gold pieces (gained 22).
H - a scroll of identify {@r1}
Found 24 arrows.
Found 11 arrows.
A basilisk, an orc, an orc warrior and an orc wizard come into view.
The orc warrior shouts!
The orc wizard shouts!
You hear two shouts!
The basilisk gazes at you. You resist with almost no effort.
The orc warrior moves out of view.
A two-headed ogre comes into view. It is wielding two +0 giant clubs.
There are monsters nearby!
There are monsters nearby!
There are monsters nearby!
There are monsters nearby!
An orc knight comes into view. It is wielding a +3 war axe.
The orc knight shouts!
The orc wizard gestures wildly while chanting.
The orc wizard seems to speed up.
The basilisk gazes at you. You resist with almost no effort.
You hear a shout!
You see here 11 arrows.
An orc comes into view. It is wielding a +0 hand axe.
The orc shouts!
The basilisk bites you but does no damage.
You slice the basilisk!!
The basilisk is almost dead.
You slice the orc wizard!!
You kill the orc wizard!
Makhleb accepts your kill.
You feel better. The basilisk closely misses you.
You slice the basilisk!!
You kill the basilisk!
Makhleb accepts your kill.
You feel better.
You slice the orc!!
You kill the orc!
Makhleb accepts your kill.
The two-headed ogre hits you with a +0 giant club.
The two-headed ogre hits you but does no damage.
The orc warrior hits you from afar with a +0 glaive!
The orc knight roars a battlecry!
The orcs go into a battle-frenzy!
You hit the orc knight but do no damage.
You headbutt the orc knight, but do no damage.
You slash the two-headed ogre!
The two-headed ogre hits you with a +0 giant club!
The two-headed ogre barely misses you. The orc knight barely misses you.
You slash the two-headed ogre!
The two-headed ogre is moderately wounded.
You closely miss the orc knight. The orc warrior barely misses you.
You slash the two-headed ogre! You headbutt the two-headed ogre!
The two-headed ogre is severely wounded.
Your plate armour prevents you from hitting the orc knight.
The two-headed ogre completely misses you. x2
The orc warrior hits you from afar with a +0 glaive!!
You slice the two-headed ogre!!
You kill the two-headed ogre!
Makhleb accepts your kill.
You feel better.
You hit the orc knight. You slice the orc!!
You kill the orc!
Makhleb accepts your kill.
You feel better. The orc knight completely misses you.
The orc warrior hits you from afar with a +0 glaive!!
You hit the orc knight.
The orc knight is lightly wounded.
The orc knight hits you with a +3 war axe.
Your plate armour prevents you from hitting the orc knight.
The orc knight is lightly wounded.
The orc warrior hits you from afar with a +0 glaive!!
* * * LOW HITPOINT WARNING * * *
The orc knight hits you with a +3 war axe!
* * * LOW HITPOINT WARNING * * *
You are too injured to fight recklessly!
You are too injured to fight recklessly!
You are too injured to fight recklessly!
You are too injured to fight recklessly!
You are too injured to fight recklessly!
You are too injured to fight recklessly!
You are too injured to fight recklessly!
You are too injured to fight recklessly!
You are too injured to fight recklessly!
You are too injured to fight recklessly!
You are too injured to fight recklessly!
You are too injured to fight recklessly!
You feel much better.
The orc warrior hits you from afar with a +0 glaive!!
* * * LOW HITPOINT WARNING * * *
The orc knight barely misses you. The orc warrior barely misses you.
The orc knight hits you with a +3 war axe!!
You die...

, * ,* * * , * ** ,
* #..# , #..# * *
#..# , , , * #,*
#..# , *
####.####..# * * *
.......o...########
* ,
.......@o..........
, ,
.......)..(........
*
###########..####.,
#..# , , , #..# * ,
, * #..# *,, * #..#
,
############..####.
, , ,
....................


You could see an orc knight and an orc warrior.

Vanquished Creatures
  The ghost of Oxzorhal the Grappler, a journeyman TrTm of Cheibriados (D:14)
  The ghost of Flugslaktarn the Cleaver, a journeyman DDFi of Makhleb (D:14)
  The ghost of Flugslaktarn the Cleaver, a journeyman DDFi of Makhleb (D:14)
  The ghost of Flugslaktarn the Cleaver, a journeyman DDFi of Makhleb (D:14)
  The ghost of Tenar the Thaumaturge, a journeyman DEEE of Gozag (D:14)
  Snorg (Orc:2)
  A hydra (D:15)
  A vault guard (D:14)
  Fannar (D:10)
  Harold (D:10)
  3 centaur warriors
  5 two-headed ogres
  3 death yaks (D:10)
  2 orc high priests
  2 tengu warriors (D:14)
  Sonja (Orc:1)
  2 wizards (D:14)
  2 unseen horrors
  A lindwurm (shapeshifter) (D:15)
  3 deep elf magi
  2 necromancers (D:14)
  5 orc sorcerers
  2 cyclopes (D:12)
  11 ugly things
  2 manticores (D:13)
  Maggie (D:10)
  A kobold demonologist (D:12)
  A yaktaur (D:14)
  An efreet (D:14)
  12 trolls
  Grinder (D:6)
  3 hippogriffs
  A centaur simulacrum (D:14)
  A vampire (D:15)
  3 shadows
  5 wraiths
  2 wyverns
  19 humans
  13 yaks
  A basilisk (D:15)
  2 hungry ghosts
  3 hogs (D:10)
  2 vampire mosquitoes (D:13)
  A warg (Orc:1)
  An acid dragon (D:11)
  21 orc warriors
  A black bear (D:9)
  6 sky beasts
  2 necrophages (D:13)
  A phantom (D:6)
  4 ice beasts
  6 ogres
  8 centaurs
  2 crocodiles
  4 big kobolds
  12 bullfrogs
  A gnoll sergeant (D:10)
  A wyvern zombie (D:14)
  A wyvern skeleton (D:13)
  5 scorpions
  A hornet simulacrum (D:14)
  2 water moccasin skeletons
  8 wights
  23 killer bees
  A howler monkey (D:14)
  8 crimson imps
  A bullfrog zombie (D:10)
  3 hounds
  3 human zombies (Ossuary)
  21 orc priests
  6 jellies
  6 centaur skeletons
  26 orc wizards
  3 bullfrog skeletons
  4 iguanas
  Ijyb (D:4)
  8 worker ants
  A killer bee zombie (D:8)
  3 big kobold zombies (Ossuary)
  2 hound zombies
  4 mummies
  2 worker ant zombies
  9 gnolls
  A howler monkey skeleton (D:9)
  6 adders
  A shadow imp (D:13)
  3 adder skeletons
  6 adder zombies
  A worm (D:6)
  2 dart slugs
  3 leopard geckos
  70 orcs
  3 ball pythons
  6 goblins
  2 hobgoblins
  5 quokkas
  2 bats
  A frilled lizard (D:1)
  A gnoll zombie (Ossuary)
  3 goblin zombies (Ossuary)
  3 hobgoblin zombies (Ossuary)
  4 jackal zombies (Ossuary)
  14 kobolds
  5 kobold zombies (Ossuary)
  A leopard gecko zombie (D:6)
  An orc zombie (Ossuary)
  A quokka skeleton (D:6)
  2 quokka zombies (Ossuary)
  A rat (D:2)
  6 rat zombies (Ossuary)
505 creatures vanquished.

Vanquished Creatures (collateral kills)
  Jorgrun (Orc:1)
  Josephine (Orc:2)
  An orc sorcerer (Orc:2)
  A troll (Orc:2)
  3 wraiths (Orc:2)
  An orc warrior (Orc:2)
  2 ogres (Orc:2)
  An orc priest (Orc:2)
  4 orc wizards (Orc:2)
  4 orcs
19 creatures vanquished.

Vanquished Creatures (others)
  An orc priest (Orc:1)
  A worker ant (D:5)
  A leopard gecko (D:4)
3 creatures vanquished.

Grand Total: 527 creatures vanquished

Notes
Turn   | Place    | Note
-------+----------+-------------------------------------------
     0 | D:1      | EnegeticOcto the Deep Dwarf Fighter began the quest for the
                  | Orb.
     0 | D:1      | Reached XP level 1. HP: 20/20 MP: 1/1
   146 | D:1      | Reached XP level 2. HP: 12/27 MP: 2/2
   642 | D:3      | Found a faded altar of an unknown god.
   659 | D:3      | Found a hazy altar of Hepliaklqana.
   659 | D:3      | Found an iron altar of Okawaru.
   663 | D:3      | Found an ancient bone altar of Kikubaaqudgha.
   685 | D:3      | Reached XP level 3. HP: 28/34 MP: 3/3
   747 | D:3      | Reached skill level 1 in Dodging
   785 | D:3      | Reached XP level 4. HP: 21/42 MP: 4/4
  1044 | D:4      | Reached XP level 5. HP: 46/49 MP: 4/4
  1056 | D:4      | Found a sand-covered staircase.
  1063 | Ossuary  | Entered an ossuary
  1206 | Ossuary  | Reached XP level 6. HP: 41/57 MP: 5/5
  1451 | D:4      | Noticed Ijyb
  1494 | D:4      | Killed Ijyb
  1537 | D:4      | Found a blossoming altar of Fedhas.
  1826 | D:4      | Found a white marble altar of Elyvilon.
  1893 | D:4      | Found a runed translucent door.
  1894 | D:4      | Noticed Crazy Yiuf
  1984 | D:4      | Reached skill level 5 in Axes
  1984 | D:4      | Reached XP level 7. HP: 44/66 MP: 3/3
  2102 | D:5      | Entered Level 5 of the Dungeon
  2265 | D:5      | Found a snail-covered altar of Cheibriados.
  2280 | D:5      | Found a shattered altar of Ashenzari.
  2499 | D:5      | Found a glowing golden altar of the Shining One.
  2827 | D:6      | Noticed Grinder
  2836 | D:6      | Killed Grinder
  2836 | D:6      | Reached skill level 5 in Fighting
  2836 | D:6      | Reached skill level 5 in Armour
  2874 | D:6      | Reached skill level 5 in Shields
  2874 | D:6      | Reached XP level 8. HP: 37/74 MP: 4/4
  2972 | D:6      | Found a staircase to the Ecumenical Temple.
  3003 | Temple   | Entered the Ecumenical Temple
  3094 | Temple   | Became a worshipper of Makhleb the Destroyer
  3386 | D:6      | Reached skill level 1 in Invocations
  3581 | D:7      | Reached skill level 2 in Invocations
  3670 | D:7      | Got a pitted scale mail
  3681 | D:7      | Identified the +1 scale mail of Coronation {rF+ rC- MR+
                  | Int+3} (You found it on level 7 of the Dungeon)
  3772 | D:7      | Found Efiathil's General Store.
  3780 | D:7      | Bought a scroll of magic mapping for 38 gold pieces
  4205 | D:7      | Reached skill level 3 in Invocations
  4297 | D:8      | Gained mutation: You passively map the area around you.
                  | [Deep Dwarf growth]
  4297 | D:8      | Reached XP level 9. HP: 71/82 MP: 4/4
  4397 | D:8      | Reached skill level 4 in Invocations
  4444 | D:8      | Reached * piety under Makhleb
  4698 | D:8      | Reached skill level 5 in Invocations
  4773 | D:8      | Reached ** piety under Makhleb
  4862 | D:8      | Reached skill level 6 in Invocations
  5439 | D:9      | Reached XP level 10. HP: 78/94 MP: 6/8
  5460 | D:9      | Found a glowing silver altar of Zin.
  5549 | D:10     | Entered Level 10 of the Dungeon
  5680 | D:10     | Reached skill level 7 in Invocations
  5827 | D:10     | Noticed a death yak
  5828 | D:10     | Noticed a death yak
  5829 | D:10     | Found a staircase to the Lair.
  5829 | D:10     | Noticed a death yak
  5852 | D:10     | Killed a death yak
  5852 | D:10     | Reached skill level 8 in Invocations
  5867 | D:10     | Killed a death yak
  5868 | D:10     | Killed a death yak
  5907 | D:10     | Reached *** piety under Makhleb
  5961 | D:10     | Noticed Fannar
  6049 | D:10     | Killed Fannar
  6049 | D:10     | Reached skill level 9 in Invocations
  6049 | D:10     | Reached XP level 11. HP: 61/104 MP: 6/6
  6050 | D:10     | Identified a scroll of acquirement
  6071 | D:10     | Noticed Harold
  6087 | D:10     | Killed Harold
  6087 | D:10     | Reached skill level 10 in Axes
  6202 | D:10     | Killed an unseen horror
  6408 | D:10     | Noticed Maggie
  6436 | D:10     | Killed Maggie
  6751 | D:11     | Reached skill level 10 in Invocations
  6785 | D:11     | Found a sparkling altar of Nemelex Xobeh.
  6836 | D:11     | Noticed a green ugly thing
  6850 | D:11     | Killed a green ugly thing
  6915 | D:11     | Killed an unseen horror
  6915 | D:11     | Reached **** piety under Makhleb
  7228 | D:11     | Found a staircase to the Orcish Mines.
  7238 | D:11     | Noticed a two-headed ogre
  7243 | D:11     | Noticed a cyan ugly thing
  7248 | D:11     | Killed a two-headed ogre
  7275 | D:11     | Killed a cyan ugly thing
  7275 | D:11     | Reached skill level 11 in Invocations
  7314 | Orc:1    | Entered Level 1 of the Orcish Mines
  7314 | Orc:1    | Noticed Jorgrun
  7327 | Orc:1    | Killed Jorgrun
  7327 | Orc:1    | Reached XP level 12. HP: 73/116 MP: 8/8
  7593 | Orc:2    | Entered Level 2 of the Orcish Mines
  7593 | Orc:2    | Noticed Josephine
  7603 | Orc:2    | Killed Josephine
  7603 | Orc:2    | Reached skill level 10 in Fighting
  7617 | Orc:2    | Noticed an orc high priest
  7669 | Orc:2    | Reached skill level 5 in Dodging
  7681 | Orc:1    | Killed an orc high priest
  7890 | Orc:2    | Reached skill level 12 in Invocations
  7892 | Orc:2    | Noticed Snorg
  7928 | Orc:2    | Killed Snorg
  8020 | Orc:2    | Noticed an orc high priest
  8035 | Orc:2    | Reached ***** piety under Makhleb
  8038 | Orc:2    | Killed an orc high priest
  8042 | Orc:2    | Found a roughly hewn altar of Beogh.
  8232 | Orc:2    | Found a staircase to the Elven Halls.
  8255 | Orc:2    | Found Xuen's Assorted Antiques.
  8255 | Orc:2    | Found Neitu's Antique Weapon Shop.
  8256 | Orc:2    | Found Kunics's Distillery.
  8259 | Orc:2    | Found Xelatus's Food Boutique.
  8262 | Orc:2    | Bought a purple potion for 27 gold pieces
  8266 | Orc:2    | Bought a potion of cancellation for 128 gold pieces
  8266 | Orc:2    | Bought 2 potions of haste for 320 gold pieces
  8266 | Orc:2    | Bought a potion of resistance for 160 gold pieces
  8266 | Orc:2    | Bought 2 potions of heal wounds for 160 gold pieces
  8372 | Orc:2    | Found a radiant altar of Vehumet.
  8529 | Orc:1    | Found a roughly hewn altar of Beogh.
  8557 | Orc:1    | Noticed Sonja
  8563 | Orc:1    | Killed Sonja
  8744 | D:12     | Reached XP level 13. HP: 124/124 MP: 6/6
  9289 | D:13     | Found a hide-covered altar of Uskayaw.
  9301 | D:13     | Reached skill level 13 in Invocations
 10546 | D:14     | Found a runed translucent gate.
 10546 | D:14     | Found a runed translucent gate.
 10583 | D:14     | Found a runed translucent gate.
 10583 | D:14     | Noticed Oxzorhal's ghost (journeyman TrTm)
 10583 | D:14     | Noticed Flugslaktarn's ghost (journeyman DDFi)
 10584 | D:14     | Noticed Flugslaktarn's ghost (journeyman DDFi)
 10584 | D:14     | Noticed Flugslaktarn's ghost (journeyman DDFi)
 10584 | D:14     | Noticed Tenar's ghost (journeyman DEEE)
 10604 | D:14     | Killed Tenar's ghost
 10608 | D:14     | Killed Oxzorhal's ghost
 10608 | D:14     | Reached skill level 10 in Armour
 10654 | D:14     | Killed Flugslaktarn's ghost
 10662 | D:14     | Killed Flugslaktarn's ghost
 10669 | D:14     | Killed Flugslaktarn's ghost
 10747 | D:14     | Reached skill level 14 in Invocations
 10749 | D:14     | Gained mutation: You have supernaturally acute eyesight.
                  | (SInv) [potion of mutation]
 10749 | D:14     | Gained mutation: You have a pair of small horns on your
                  | head. [potion of mutation]
 10973 | D:14     | Reached ****** piety under Makhleb
 10978 | D:14     | Gained mutation: You resist negative energy. (rN+) [Deep
                  | Dwarf growth]
 10978 | D:14     | Reached XP level 14. HP: 98/136 MP: 5/5
 11403 | D:14     | Found a gate to the Vaults.
 11664 | D:15     | Entered Level 15 of the Dungeon
 11782 | D:15     | Mangled by an orc knight

Levels and vault maps discovered:
D:1:      scummos_arrival_simple_fountains, layout_loops_ring, serial_aquarium,
          aquarium_bridge_long_joined [aquarium_subvault_wall,
          aquarium_subvault_bridge, aquarium_subvault_bridge,
          aquarium_subvault_wall, aquarium_subvault_bridge,
          aquarium_subvault_bridge], aquarium_bridge_square
          [aquarium_subvault_bridge, aquarium_subvault_wall,
          aquarium_subvault_window, aquarium_subvault_bridge],
          aquarium_window_fake, aquarium_window_1, aquarium_view_2b,
          aquarium_pool_corner
D:2:      layout_basic, minmay_divided_ellipse
D:3:      layout_rooms, grunt_temple_overflow_open,
          chequers_ecumenical_altar_twisty
D:4:      layout_basic, lemuel_round_altar, chequers_ossuary_entry_cave,
          elyvilon_altar_4, uniq_crazy_yiuf_cottage, uniq_ijyb
D:5:      layout_loops_ring, kennysheep_slug_shrine,
          nicolae_overflow_hidden_temple, nicolae_ashenzari_panopticon,
          first_ration, lemuel_flame_loot_1
D:6:      layout_cave_pools, minmay_temple_entry_ruins,
          kennysheep_generic_room_7, uniq_grinder
D:7:      layout_loops_ring, serial_shops, shop_fountains
D:8:      layout_basic
D:9:      layout_roguey, zin_statuary
D:10:     layout_stronghold, dpeg_lair_monsters, grunt_livestock, uniq_harold,
          uniq_fannar, uniq_maggie
D:11:     layout_loops_ring, david_orc_2, nemelex_diamond_rough_becter
D:12:     layout_roguey
D:13:     kennysheep_spiral_hall, layout_loops_corners, basic_altar,
          lemuel_mausoleum_altar_kikubaaqudgha
D:14:     nicolae_whirlpool, layout_loops_corners, grunt_vaults_entry_tiered,
          gammafunk_ghost_cemetery
D:15:     grunt_enter_depths_hoard, layout_small_grid, serial_shops,
          nicolae_shop_crystal
Temple:   nicolae_temple_great_sept
Orc:1:    layout_diamond_mine, basic_altar, uniq_jorgrun, uniq_sonja
Orc:2:    st_orc_mages, layout_caves, basic_altar, abandoned_shop,
          bh_open_orc_temple, uniq_josephine, uniq_snorg

Skill      XL: |  1  2  3  4  5  6  7  8  9 10 11 12 13 14 |
---------------+-------------------------------------------+-----
Fighting       | 3 4 5 6 7 8 9 10 11 12 | 12.1
Dodging        | 1 2 3 4 5 7 |  7.9
Axes           | 3 4 5 7 8 9 11 12 13 | 13.9
Armour         | 4 5 6 7 8 9 10 | 10.5
Shields        | 4 5 6 7 8 |  8.2
Invocations    | 3 6 9 11 12 14 | 14.8

Action                   |  1- 3 |  4- 6 |  7- 9 | 10-12 | 13-15 || total
-------------------------+-------+-------+-------+-------+-------++-------
Melee: War axe           |    87 |   250 |   468 |   531 |       ||  1336
       Battleaxe         |       |       |       |   219 |   501 ||   720
       Headbutt          |       |       |       |       |    38 ||    38
Invok: Lesser Servant of |       |       |       |     8 |     2 ||    10
 Abil: Heal Wounds       |     1 |     8 |     7 |    45 |    14 ||    75
Evoke: Wand              |       |       |       |     6 |     3 ||     9
  Use: Scroll            |       |     3 |    19 |     4 |     3 ||    29
       Potion            |       |       |       |     1 |     1 ||     2
 Stab: Distracted        |       |       |       |     3 |     4 ||     7
       Paralysed         |       |       |       |     2 |       ||     2
       Confused          |       |       |       |     1 |       ||     1
  Eat: Chunk             |       |     1 |    20 |    15 |     5 ||    41
       Ration            |       |     1 |     3 |     1 |     2 ||     7
Armor: Scale mail        |    25 |       |       |       |       ||    25
       Plate armour      |    25 |   154 |   362 |   678 |   334 ||  1553
Dodge: Dodged            |    25 |    43 |   154 |   378 |   278 ||   878
Block: Kite shield       |    58 |   149 |   317 |   392 |       ||   916

Table legend:
 A = Non-vault XP
 B = Vault XP
 C = Vault XP percentage of total XP
 D = Non-vault monster count
 E = Vault monster count
 F = Vault count percentage of total count
                 A         B        C        D         E       F
            +---------+---------+-------+---------+---------+-------
      Total |   45516 |   34062 |  42.8 |     364 |     161 |  30.7
            +---------+---------+-------+---------+---------+-------
        D:1 |      28 |       0 |   0.0 |       8 |       0 |   0.0
        D:2 |       5 |       0 |   0.0 |       3 |       0 |   0.0
        D:3 |     161 |       0 |   0.0 |      16 |       0 |   0.0
        D:4 |     295 |      35 |  10.6 |      10 |       1 |   9.1
        D:5 |     163 |       4 |   2.4 |       4 |       1 |  20.0
        D:6 |     448 |     415 |  48.1 |      13 |       2 |  13.3
        D:7 |     573 |       0 |   0.0 |      14 |       0 |   0.0
        D:8 |    2218 |       0 |   0.0 |      41 |       0 |   0.0
        D:9 |     953 |       0 |   0.0 |      12 |       0 |   0.0
       D:10 |    2511 |    6691 |  72.7 |      42 |      15 |  26.3
       D:11 |    6477 |     415 |   6.0 |      35 |       6 |  14.6
       D:12 |    5004 |       0 |   0.0 |      36 |       0 |   0.0
       D:13 |    6499 |    1656 |  20.3 |      39 |       6 |  13.3
       D:14 |   11294 |   14020 |  55.4 |      41 |      31 |  43.1
       D:15 |    4706 |       0 |   0.0 |      12 |       0 |   0.0
      Orc:1 |    2822 |    4339 |  60.6 |      22 |       7 |  24.1
      Orc:2 |    1359 |    6174 |  82.0 |      16 |      53 |  76.8
    Ossuary |       0 |     313 | 100.0 |       0 |      39 | 100.0
            +---------+---------+-------+---------+---------+-------
